 Dungeon Crawl Stone Soup version 0.28.0-53-g5a82cb258f (webtiles) character file.

Game seed: 10601609402073392190

95 styxcanada the Sneak (level 4, 0/23 HPs)
             Began as a Spriggan Brigand on Aug 22, 2022.
             Slain by a gnoll
             ... wielding a +0 spear
              (3 damage)
             ... on level 3 of the Dungeon.
             The game lasted 00:09:30 (2676 turns).

styxcanada the Sneak (Spriggan Brigand)             Turns: 2676, Time: 00:09:31

Health: 0/23       AC:  3    Str:  7    XL:     4   Next: 39%
Magic:  5/5        EV: 17    Int: 12    God:
Gold:   142        SH:  0    Dex: 18    Spells: 3/3 levels left

rFire   . . .      SeeInvis +   a - +2 dagger
rCold   . . .      Faith    .   (no shield)
rNeg    . . .      Spirit   .   b - +0 robe
rPois   .          Reflect  .   (helmet restricted)
rElec   .          Harm     .   c - +0 cloak
rCorr   .          Rampage  .   (gloves unavailable)
Will    .....                   (boots unavailable)
Stlth   ++++......              (no amulet)
HPRegen 0.07/turn               (no ring)
MPRegen 0.09/turn               (no ring)

@: very quick
A: very small, no large weapons, unfitting armour, see invisible, speed 3
a: no special abilities


You were on level 3 of the Dungeon.
You visited 1 branch of the dungeon, and saw 3 of its levels.

You collected 142 gold pieces.

Inventory:

Hand Weapons
 a - a +2 dagger (weapon)
 d - a +0 hunting sling
Missiles
 e - a curare-tipped dart (quivered)
 f - 88 stones
 j - 21 sling bullets
Armour
 b - a +0 robe (worn)
 c - a +0 cloak (worn)
Scrolls
 g - a scroll of amnesia {unknown}
 h - 2 scrolls of identify {unknown}
 m - a scroll of teleportation {unknown}
 n - a scroll of magic mapping {unknown}
Potions
 i - 2 potions of haste {unknown}
 l - 2 potions of lignification {unknown}
 o - a potion of resistance {unknown}
 p - a potion of degeneration {unknown}


   Skills:
 * Level 1.9 Fighting
 + Level 2.5 Short Blades
 + Level 2.4 Throwing
 * Level 2.4 Dodging
 * Level 7.7 Stealth


You had 3 spell levels left.
You didn't know any spells.
Your spell library was empty.

Dungeon Overview and Level Annotations

Branches:
Dungeon (3/15)

Altars:
Uskayaw


Innate Abilities, Weirdness & Mutations

You are very small and have problems with some larger weapons.
You are too small for most types of armour.
You have supernaturally acute eyesight. (SInv)
You cover ground extremely quickly. (Speed+++)


Message History

You kill the goblin!
You see here 23 stones.
f - 88 stones (gained 23)
Found a bubbling orange potion.
i - 2 bubbling orange potions (gained 1)
p - a fuming green potion Throw: 5 darts (poison)
Press: ? - help, Q - select action, (/) - cycle Shift-Dir - straight line, f - hobgoblin
Aim: a hobgoblin (62% to hit)
You throw a poisoned dart.
The poisoned dart closely misses the hobgoblin.
Unknown command.
Throw: 4 darts (poison)
Press: ? - help, Q - select action, (/) - cycle Shift-Dir - straight line, f/p - hobgoblin
Aim: a hobgoblin (62% to hit)
You throw a poisoned dart. The poisoned dart hits the hobgoblin.
The hobgoblin is poisoned.
Unknown command.
Throw: 3 darts (poison)
Press: ? - help, Q - select action, (/) - cycle Shift-Dir - straight line, f/p - hobgoblin
Aim: a hobgoblin (heavily wounded, poisoned, 62% to hit)
You throw a poisoned dart. The poisoned dart hits the hobgoblin.
The hobgoblin looks even sicker.
The hobgoblin is heavily wounded.
You kill the hobgoblin!
Throw: 2 darts (poison)
Press: ? - help, Q - select action, (/) - cycle Shift-Dir - straight line, f - kobold
Aim: a kobold, wielding a +0 dagger of electrocution (55% to hit)
You throw a poisoned dart.
The poisoned dart closely misses the kobold.
Throw: dart (poison)
Press: ? - help, Q - select action, (/) - cycle Shift-Dir - straight line, f/p - kobold
Aim: a kobold, wielding a +0 dagger of electrocution (55% to hit)
You throw a poisoned dart. The poisoned dart hits the kobold!
The kobold is poisoned.
You kill the kobold!
You barely miss the gnoll. The gnoll hits you with a +0 spear.
* * * LOW HITPOINT WARNING * * *
The gnoll hits you from afar with a +0 spear.
You die...

. #...### #.#
###g### #.# #.g.#
#(#
#######<..########.#
..gg..g............#
######...........(##
.....†......≈...g.#
........PP..≈._...#
........PP..≈...@.#
........PP..≈≈≈≈.##
........PP.......#
........PP.......#
........PPPPPPP..#
....<...PPPPPPP..#
.................#
.................#
##################


You could see a gnoll.

Vanquished Creatures
  Robin (D:2)
  2 adders
  A gnoll (D:1)
  2 worms (D:2)
  4 bats
  3 endoplasms (D:2)
  3 giant cockroaches
  14 goblins
  5 hobgoblins
  A quokka (D:2)
  2 ball pythons
  6 frilled lizards
  A kobold (D:3)
  2 rats
47 creatures vanquished.

Vanquished Creatures (others)
  A demonic plant (D:3)
1 creature vanquished.

Grand Total: 48 creatures vanquished

Notes
Turn   | Place    | Note
-------+----------+-------------------------------------------
     0 | D:1      | styxcanada the Spriggan Brigand began the quest for the
                  | Orb.
     0 | D:1      | Reached XP level 1. HP: 10/10 MP: 2/2
   210 | D:1      | Reached skill level 6 in Stealth
   490 | D:1      | Reached XP level 2. HP: 4/14 MP: 3/3
  1158 | D:2      | Reached skill level 7 in Stealth
  1175 | D:2      | Reached XP level 3. HP: 18/18 MP: 4/4
  1285 | D:2      | Noticed Robin
  1516 | D:2      | Killed Robin
  1794 | D:2      | Reached XP level 4. HP: 23/23 MP: 5/5
  2476 | D:3      | Found a faded altar of an unknown god.
  2603 | D:3      | Found a hide-covered altar of Uskayaw.
  2676 | D:3      | Slain by a gnoll

Illustrated notes

Levels and vault maps discovered:
D:1:      lightli_arrival_statue_moat, layout_basic, serial_aquarium,
          aquarium_bridge_square [aquarium_subvault_wall,
          aquarium_subvault_wall, aquarium_subvault_wall,
          aquarium_subvault_bridge], aquarium_bridge_long_joined
          [aquarium_subvault_wall, aquarium_subvault_wall,
          aquarium_subvault_balcony, aquarium_subvault_window,
          aquarium_subvault_bridge, aquarium_subvault_balcony],
          aquarium_window_2, aquarium_window_1, aquarium_window_1,
          aquarium_view_2d, wander_ebering_terrifying_dragon_lair
D:2:      minmay_alternating_diamond, layout_basic, uniq_robin
D:3:      layout_rooms, doesnt_xom_only_xom, mainiacjoe_overflow_chevrons,
          shapermc_ecumenical_altar_gd

Skill      XL: |  1  2  3 |
---------------+----------+-----
Stealth        | 6 7 |  7.7
Dodging        | 2 |  2.4
Fighting       | |  1.9
Short Blades   | |  2.5
Throwing       | |  2.4

Action                   |  1- 3 |  4- 6 || total
-------------------------+-------+-------++-------
Melee: Dagger            |    69 |    37 ||   106
       Punch             |     2 |     1 ||     3
 Fire: Hunting sling     |     7 |       ||     7
Throw: Dart              |    29 |    16 ||    45
       Stone             |     1 |       ||     1
 Stab: Sleeping          |     8 |     6 ||    14
Armor: Robe              |    10 |     5 ||    15
Dodge: Dodged            |    48 |    18 ||    66
